Map: [ESL] Moondance

Players

ByuN - Winner!

  • Race: Terran Terran
  • Spawn Location: 6:00

Elazer

  • Race: Zerg Zerg
  • Spawn Location: 12:00

Event: DreamHack SC2 Masters 2022 Valencia

VOD

Have the link to the VOD?

Description

Time

  • Played on: July 1, 2022, 2:37 p.m.
  • Length: 16:33

All games in this series

Show
View Real Time Build Order
Export as new Build Order

ByuN Terran - Winner!

Build Orders:  

Get SALT Encoding   

  12  0:00  SCV  
  13  0:12  SCV  
  14  0:17  Supply Depot  
  14  0:24  SCV  
  15  0:38  SCV  
  15  0:40  Barracks  
  16  0:43  Refinery  
  16  0:51  SCV  
  17  0:59  Barracks  
  17  1:03  SCV  
  18  1:15  SCV  
  19  1:18  Barracks  
  19  1:27  Reaper  
  19  1:29  Refinery  
  20  1:40  Orbital Command  
  20  1:45  Reaper  
  21  1:53  Supply Depot  
  21  1:59  Reaper  
  22  2:08  Reaper  
  22  2:14  SCV  
  24  2:22  Reaper  
  25  2:26  SCV  
  26  2:31  Reaper  
  27  2:39  SCV  
  27  2:40  Reaper  
  29  2:51  SCV  
  30  2:54  Reaper  
  31  3:05  Command Center  
  31  3:06  Supply Depot  
  31  3:14  SCV  
  33  3:21  Factory  
  33  3:23  Barracks Tech Lab  
  33  3:24  Barracks Reactor  
  33  3:27  SCV  
  33  3:29  Barracks Reactor  
  33  3:39  SCV  
  34  3:41  Marine  
  34  3:44  Stimpack  
  35  3:51  SCV  
  35  3:53  Engineering Bay  
  36  4:00  Marine  
  36  4:01  Marine x2  
  39  4:04  SCV  
  40  4:11  Marine x2  
  40  4:16  SCV  
  46  4:28  Terran Infantry Weapons Level 1  
  46  4:31  Orbital Command  
  46  4:32  SCV  
  44  4:44  SCV, Factory Reactor, Starport  
  39  4:51  Marine x3  
  39  4:52  Marine x2  
  42  4:57  SCV  
  42  4:58  SCV  
  44  5:04  Refinery  
  44  5:09  SCV, Marine x2  
  44  5:10  Marine x3  
  50  5:18  SCV  
  51  5:21  SCV  
  51  5:24  Combat Shield  
  51  5:28  Medivac x2  
  56  5:30  Marine x2  
  56  5:31  Marine x3  
  56  5:33  SCV  
  62  5:40  Supply Depot  
  62  5:46  Factory Tech Lab  
  62  6:00  Command Center  
  62  6:01  SCV x2, Marine x5  
  69  6:05  Supply Depot  
  69  6:13  SCV  
  70  6:18  Supply Depot  
  70  6:20  SCV  
  70  6:23  Siege Tank  
  70  6:25  SCV, Marine x2  
  70  6:26  Marine x3  
  70  6:32  SCV  
  74  6:34  Medivac  
  74  6:35  Supply Depot  
  74  6:38  SCV  
  77  6:40  Medivac  
  77  6:44  SCV  
  77  6:45  Marine  
  81  6:47  Marine  
  81  6:50  SCV, Terran Infantry Armor Level 1  
  83  6:57  SCV  
  83  6:59  Marine x2  
  86  7:02  SCV  
  86  7:07  Marine x3  
  85  7:09  SCV  
  87  7:17  Orbital Command, Marine x2  
  82  7:25  Siege Tank, Marine x3  
  82  7:26  SCV x2  
  88  7:38  SCV x2  
  88  7:40  Marine  
  88  7:41  Marine  
  92  7:44  Barracks, Marine x2  
  92  7:45  Barracks  
  92  7:46  Marine  
  92  7:50  SCV x3  
  98  7:59  Refinery  
  98  8:00  Supply Depot x2  
  98  8:02  SCV  
  98  8:04  Marine x5  
  104  8:10  Siege Tank  
  107  8:21  Medivac x2  
  107  8:23  Supply Depot x2  
  107  8:25  Armory  
  111  8:27  Engineering Bay  
  111  8:29  Marine x3  
  111  8:30  Marine  
  115  8:34  SCV x2  
  115  8:40  Marine  
  115  8:41  Barracks Reactor x2  
  118  8:42  Siege Tank  
  118  8:44  Barracks  
  118  8:45  Barracks  
  120  8:49  Marine  
  120  8:50  Marine x3  
  124  8:56  Medivac x2  
  128  9:03  Marine  
  128  9:07  Marine x2  
  128  9:08  Marine x2  
  133  9:10  Barracks  
  133  9:13  Terran Infantry Armor Level 2  
  133  9:15  Terran Infantry Weapons Level 2  
  133  9:17  Terran Vehicle Weapons Level 1  
  133  9:21  Marine  
  133  9:23  Marine  
  135  9:25  Marine x2  
  133  9:31  Marine x2  
  133  9:32  Marine x5  
  133  9:36  Siege Tank  
  139  9:39  Marine  
  139  9:40  Marine  
  139  9:43  Marine  
  141  9:46  Marine  
  141  9:49  Marine  
  141  9:52  Marine x6  
  147  9:55  Medivac  
  147  9:56  Marine, Medivac  
  152  10:02  Marine  
  152  10:03  Marine  
  154  10:08  Supply Depot  
  154  10:09  Marine, Supply Depot  
  154  10:10  Marine x2  
  157  10:27  Supply Depot x2  
  157  10:29  Marine x4, Command Center  
  157  10:30  Siege Tank  
  157  10:31  Barracks Reactor x2  
  157  10:32  Barracks Reactor  
  157  10:34  Supply Depot  
  164  10:41  Marine x4  
  168  10:47  Marine x2  
  168  10:48  Marine x2  
  164  10:57  Marine  
  164  10:59  Marine x3  
  164  11:02  Siege Tank, Marine  
  172  11:06  Marine  
  170  11:12  Marine  
  170  11:14  Marine  
  169  11:19  Marine x3  
  169  11:20  Marine  
  169  11:21  Medivac  
  169  11:22  Medivac  
  168  11:27  Marine x2  
  168  11:28  Marine  
  168  11:29  Marine  
  167  11:33  Marine x2  
  167  11:35  Siege Tank  
  167  11:37  Marine x2  
  167  11:38  Marine  
  175  11:40  Marine  
  176  11:52  Marine x2  
  175  12:04  Marine  
  175  12:07  Siege Tank, Marine  
  175  12:08  Marine  
  181  12:09  Marine  
  181  12:11  Medivac x2  
  181  12:12  Marine  
  187  12:16  Marine  
  187  12:19  Marine  
  178  12:30  Marine  
  178  12:31  Marine x2  
  178  12:36  Marine  
  166  12:37  Marine x5  
  166  12:39  SCV x2, Siege Tank  
  166  12:41  Refinery, Medivac  
  166  12:43  Marine  
  177  12:46  Marine  
  177  12:47  Marine x3  
  177  12:48  Marauder  
  176  12:53  Marine  
  176  12:54  Marine  
  176  12:57  Terran Infantry Weapons Level 3  
  172  13:00  Marine  
  172  13:01  Marine  
  172  13:04  Marine x2  
  141  13:06  Marine x2  
  141  13:09  Marauder  
  141  13:11  Siege Tank  
  141  13:12  Marine x2  
  130  13:16  Marine x3  
  130  13:17  Marine  
  131  13:22  Marine x2  
  131  13:23  Marine  
  135  13:27  SCV x2  
  135  13:31  Marine x4, Marauder  
  135  13:32  Marine  
  143  13:43  Siege Tank  
  143  13:44  Marine x3  
  149  13:49  Planetary Fortress  
  149  13:52  Marauder  
  140  14:03  Marine  
  140  14:04  Marine x7  
  148  14:13  Marauder  
  148  14:15  Siege Tank  
  153  14:18  Marine  
  153  14:20  Sensor Tower  
  153  14:21  Marine x4  
  153  14:22  Marine x3  
  161  14:26  Concussive Shells  
  156  14:31  Marine  
  156  14:32  Marine  
  156  14:33  Liberator x2  
  156  14:35  Marauder  
  166  14:41  Marine  
  166  14:42  Factory, Marine x5  
  169  14:46  Marine x3  
  169  14:47  Siege Tank  
  169  14:51  Marine x2  
  169  14:52  Marine  
  176  14:56  Marauder  
  178  15:07  Marine x7  
  185  15:18  Marauder  
  185  15:19  Siege Tank  
  180  15:22  Marine x2  
  180  15:25  Marine  
  180  15:26  Marine  
  180  15:27  Marine x5  
  187  15:29  Factory Tech Lab  
  187  15:39  Marauder  
  187  15:41  Marine  
  189  15:43  Marine x2  
  189  15:44  Marine x2  
  189  15:47  Medivac  
  189  15:49  Marine  
  193  15:51  Siege Tank  
  193  15:54  Medivac  
  193  15:55  Marine  
  189  16:00  Marauder  
  189  16:02  Marine  
  189  16:03  Marine  
  188  16:04  Marine  
  188  16:05  Marine x3  
  188  16:06  Marine  
  188  16:07  Marine  
  188  16:09  Marine  
  188  16:10  Marine  
  188  16:11  Marine  
  197  16:14  Marine  
  197  16:18  Refinery  
Show
View Real Time Build Order
Export as new Build Order

Elazer Zerg 

Build Orders: Hatch First 

Get SALT Encoding   

  12  0:00  Drone  
  13  0:12  Overlord  
  13  0:18  Drone  
  14  0:30  Drone x2  
  16  0:48  Hatchery  
  15  0:51  Drone  
  15  0:55  Drone  
  17  0:58  Drone  
  18  1:09  Extractor  
  17  1:13  Spawning Pool  
  17  1:16  Drone  
  17  1:19  Drone  
  18  1:28  Drone  
  19  1:38  Drone  
  20  1:49  Drone  
  21  1:59  Queen x2  
  21  2:00  Zergling x4  
  27  2:11  Metabolic Boost  
  27  2:13  Overlord, Zergling x2  
  28  2:34  Spore Crawler  
  27  2:38  Queen  
  27  2:42  Hatchery  
  27  2:47  Queen  
  27  2:49  Zergling x4  
  32  2:51  Zergling x2  
  32  3:03  Zergling x6  
  35  3:10  Overlord  
  35  3:29  Drone x5  
  40  3:35  Overlord  
  40  3:42  Drone  
  41  3:49  Drone  
  41  3:51  Overlord, Drone  
  43  3:57  Drone x6  
  43  4:00  Drone  
  50  4:04  Drone  
  50  4:05  Drone  
  50  4:08  Drone  
  53  4:19  Zergling x6  
  53  4:22  Zergling x6  
  55  4:27  Overlord  
  55  4:31  Zergling x2  
  55  4:32  Zergling x4  
  55  4:36  Overlord  
  57  4:43  Drone x3  
  56  4:48  Queen  
  58  4:56  Drone x6  
  64  5:01  Drone x2  
  64  5:05  Queen  
  68  5:09  Queen  
  68  5:11  Overlord  
  68  5:13  Drone  
  71  5:16  Drone  
  72  5:26  Drone x4  
  76  5:31  Overlord  
  76  5:33  Drone x3  
  76  5:34  Drone, Extractor  
  76  5:35  Extractor, Drone, Hatchery  
  78  5:40  Drone x4  
  82  5:48  Overlord  
  82  5:56  Overlord  
  82  5:58  Lair  
  82  5:59  Zergling x14  
  88  6:11  Queen x2  
  88  6:13  Zergling x12  
  88  6:18  Overlord  
  98  6:25  Drone x7  
  101  6:32  Evolution Chamber  
  100  6:33  Baneling Nest  
  100  6:34  Evolution Chamber  
  100  6:37  Drone x6  
  104  6:47  Zergling x2  
  104  6:52  Overlord  
  104  6:54  Drone x2  
  106  6:57  Zergling x2  
  106  6:58  Zergling x2  
  106  7:00  Zerg Melee Weapons Level 1, Zerg Ground Armor Level 1  
  104  7:03  Hatchery  
  104  7:05  Zergling x6  
  100  7:10  Zergling x6  
  97  7:17  Zergling x2  
  97  7:18  Queen x2  
  97  7:21  Zergling x10  
  97  7:22  Zergling x4  
  99  7:24  Centrifugal Hooks  
  99  7:25  Queen x2  
  103  7:30  Zergling x8  
  103  7:37  Baneling x3  
  107  7:38  Baneling  
  107  7:39  Zergling x10  
  112  7:45  Zergling x6  
  112  7:47  Drone, Baneling x3  
  116  7:51  Spore Crawler, Drone  
  116  7:52  Overlord  
  116  7:54  Hatchery  
  115  8:01  Zergling x10  
  115  8:03  Baneling x8  
  120  8:06  Zergling x2  
  120  8:07  Zergling x8  
  120  8:10  Zergling x4  
  126  8:19  Zergling x10  
  131  8:21  Queen  
  131  8:27  Baneling x5  
  139  8:28  Zergling x6  
  139  8:31  Zergling x10  
  147  8:43  Zergling x6  
  147  8:46  Overlord  
  147  8:47  Zergling x18  
  150  8:55  Zerg Ground Armor Level 2, Zerg Melee Weapons Level 2  
  149  8:56  Overlord  
  149  9:02  Zergling x2  
  150  9:04  Overlord x3  
  150  9:05  Baneling x7  
  150  9:07  Zergling x12  
  156  9:14  Overlord  
  156  9:21  Zergling x24  
  165  9:29  Zergling x2  
  165  9:30  Zergling x6  
  156  9:36  Zergling x10  
  156  9:41  Zergling x16  
  154  9:46  Baneling x11, Zergling x2  
  154  9:47  Zergling x6  
  154  9:50  Zergling x2  
  153  9:53  Overlord  
  153  10:00  Zergling x20  
  162  10:09  Zergling x12  
  162  10:11  Overseer  
  162  10:12  Pneumatized Carapace  
  162  10:13  Baneling x2  
  162  10:14  Overlord, Baneling  
  168  10:17  Zergling x6  
  168  10:20  Baneling x2  
  171  10:23  Drone x2  
  171  10:24  Extractor  
  173  10:28  Drone x7  
  178  10:40  Zergling x14  
  178  10:42  Overlord x2  
  181  10:45  Extractor  
  181  10:47  Drone  
  181  10:48  Drone, Hydralisk Den  
  181  10:51  Baneling x6  
  179  11:00  Drone x7  
  179  11:02  Extractor x2  
  184  11:10  Zergling x18  
  169  11:17  Zergling x24  
  169  11:27  Zergling x14  
  169  11:33  Zergling x2  
  169  11:38  Grooved Spines  
  169  11:42  Hydralisk x5  
  174  11:50  Hydralisk x5  
  173  11:56  Hydralisk  
  158  12:13  Zergling x12  
  149  12:16  Zergling x20  
  149  12:18  Queen x4  
  166  12:25  Zergling x14  
  160  12:35  Zergling x10  
  160  12:36  Overlord  
  163  12:39  Zergling x6  
  163  12:40  Baneling x3  
  163  12:41  Zerg Missile Weapons Level 1, Baneling x2  
  165  12:46  Drone x4  
  165  12:47  Hatchery x2  
  165  12:54  Baneling x3  
  157  12:59  Drone x5  
  139  13:10  Hatchery  
  139  13:11  Overlord  
  126  13:19  Lair  
  123  13:22  Drone x8  
  131  13:32  Muscular Augments  
  131  13:35  Drone x3  
  131  13:40  Hatchery  
  133  13:46  Hydralisk x3  
  120  13:56  Zergling x2  
  120  13:57  Zergling x4  
  123  14:06  Drone x5  
  128  14:13  Hydralisk  
  128  14:14  Hydralisk x4  
  128  14:17  Zergling x4  
  140  14:21  Zergling x8  
  144  14:28  Zergling x2  
  144  14:29  Zergling x2  
  141  14:33  Zergling x18  
  146  14:46  Overlord  
  146  14:48  Zergling x10  
  151  14:53  Infestation Pit, Lurker Den  
  151  14:57  Drone x8  
  156  15:07  Extractor  
  156  15:12  Zergling x20  
  153  15:21  Zergling x8  
  153  15:25  Zergling x2  
  153  15:26  Zergling x14  
  164  15:32  Zergling x8  
  164  15:33  Zergling x6  
  170  15:40  Zergling x10  
  158  15:50  Zergling x14  
  158  15:54  Zergling x2  
  158  15:55  Zergling x10  
  164  16:03  Zergling x16  
  155  16:11  Baneling x11  
  155  16:12  Zergling x10  

Tags
 
Add a new tag
Caveats
  • Supply blocks, unpowered buildings, or Contaminate may cause inaccurate times.
  • Supply counts are checked every 10 seconds.